 Dungeon Crawl Stone Soup version 0.29-a0-367-gc2b5878c41 (webtiles) character file.

Game seed: 12909826931051142722

35 Gargoyl the Skirmisher (level 3, 0/24 HPs)
             Began as a Gargoyle Abyssal Knight on May 1, 2022.
             Was a Believer of Lugonu.
             Slain by a worm (6 damage)
             ... on level 2 of the Dungeon.
             The game lasted 00:01:31 (995 turns).

Gargoyl the Skirmisher (Gargoyle Abyssal Knight)     Turns: 995, Time: 00:01:32

Health: 0/24       AC:  6    Str: 16    XL:     3   Next: 33%
Magic:  4/4        EV: 11    Int: 10    God:    Lugonu [**....]
Gold:   48         SH:  0    Dex: 12    Spells: 2/2 levels left

rFire   . . .      SeeInvis .   a - +1 hand axe
rCold   . . .      Faith    .   (no shield)
rNeg    + . .      Spirit   .   b - +0 leather armour
rPois   ∞          Reflect  .   (no helmet)
rElec   +          Harm     .   (no cloak)
rCorr   .          Rampage  .   (no gloves)
Will    .....                   (no boots)
Stlth   +.........              (no amulet)
HPRegen 0.08/turn               (no ring)
MPRegen 0.09/turn               (no ring)

@: no status effects
A: sickness immunity, AC +3, negative energy resistance 1, electricity
resistance, torment resistance 1, petrification resistance
a: Renounce Religion, Depart the Abyss, Bend Space


You were on level 2 of the Dungeon.
You worshipped Lugonu.
Lugonu was pleased with you.
You visited 1 branch of the dungeon, and saw 2 of its levels.
You visited the Abyss 1 time.

You collected 48 gold pieces.

Inventory:

Hand Weapons
 a - a +1 hand axe (weapon)
Missiles
 h - 6 poisoned darts (quivered)
Armour
 b - a +0 leather armour (worn)
Potions
 c - a potion of invisibility
 d - a potion of flight
 f - a potion of curing {unknown}
 k - a potion of brilliance {unknown}


   Skills:
 + Level 4.0 Fighting
 + Level 2.4 Axes
 + Level 2.3 Armour
 + Level 1.0 Dodging
 + Level 0.4 Stealth
 + Level 2.0 Invocations


You had 2 spell levels left.
You didn't know any spells.
Your spell library contained the following spells:

 Spells                   Type           Power      Damage    Failure   Level
 Ignite Poison            Fire/Tmut/Pois 0%         N/A       80%         3
 Mephitic Cloud           Conj/Pois/Air  0%         N/A       80%         3
 Freezing Cloud           Conj/Ice/Air   0%         6-21      100%        5


Dungeon Overview and Level Annotations

Branches:
Dungeon (2/15)

Altars:


Innate Abilities, Weirdness & Mutations

You are immune to sickness and miasma.
Your stone body is resilient. (AC +3)
You are immune to poison.
You resist negative energy. (rN+)
You are resistant to electric shocks. (rElec)
You are resistant to unholy torment.
You are immune to petrification.


Message History

The endoplasm hits you but does no damage.
The ball python hisses angrily.
You hit the endoplasm.
You kill the endoplasm!
Lugonu accepts your kill.
Unknown command.
You slash the worm!
The worm is heavily wounded.
The worm bites you!
Unknown command.
You hit the worm.
The worm is severely wounded.
The worm bites you.
Unknown command.
You barely miss the worm.
The worm is heavily wounded.
You hit the rat.
You kill the rat!
Lugonu accepts your kill.
You hit the worm.
The worm is severely wounded.
You barely miss the ball python. The worm bites you.
* * * LOW HITPOINT WARNING * * *
The ball python bites you.
* * * LOW HITPOINT WARNING * * *
The ball python barely misses you.
You barely miss the worm.
The worm is severely wounded.
You hit the ball python.
You kill the ball python!
Lugonu accepts your kill. The worm misses you.
Unknown command.
You barely miss the worm.
The worm is severely wounded.
Unknown command.
You hit the worm but do no damage.
The worm is severely wounded.
The worm bites you.
You die...

..........#
.........####
#............
#$...........
#............
#............
#....†.......
#....@)......
#....w.......
#............
#............
...............
##.............
#.............
#.............
#.#######.....


You could see a worm.

Vanquished Creatures
  2 ball pythons
  5 bats (D:1)
  3 endoplasms
  2 giant cockroaches (D:1)
  5 goblins
  5 hobgoblins
  A quokka (D:1)
  2 frilled lizards (D:1)
  2 kobolds
  3 rats
30 creatures vanquished.

Notes
Turn   | Place    | Note
-------+----------+-------------------------------------------
     0 | Abyss:1  | Gargoyl the Gargoyle Abyssal Knight began the quest for the
                  | Orb.
     0 | Abyss:1  | Reached XP level 1. HP: 14/14 MP: 2/2
    60 | Abyss:1  | Found a candlelit altar of Ignis.
    68 | D:1      | Escaped the Abyss
    83 | D:1      | Found a faded altar of an unknown god.
   142 | D:1      | Reached ** piety under Lugonu
   273 | D:1      | Reached XP level 2. HP: 20/20 MP: 3/3
   747 | D:1      | Reached XP level 3. HP: 20/24 MP: 4/4
   974 | D:2      | Reached skill level 4 in Fighting
   987 | D:2      | Reached skill level 1 in Dodging
   995 | D:2      | Slain by a worm

Illustrated notes

Levels and vault maps discovered:
D:1:      minmay_arrival_glassed_features, layout_basic, basic_ecumenical_altar,
          minmay_unequal
D:2:      layout_basic

Skill      XL: |  1  2  3 |
---------------+----------+-----
Axes           | 2 |  2.4
Fighting       | 4 |  4.0
Dodging        | 1 |  1.0
Armour         | |  2.3
Stealth        | |  0.4
Invocations    | |  2.0

Action                   || total
-------------------------++-------
Melee: Hand axe          ||    79
Invok: Depart the Abyss  ||     1
  Use: Scroll            ||     5
Armor: Leather armour    ||    47
Dodge: Dodged            ||    74

Table legend: (Time is in decaauts)
 A = Elapsed time spent in this place.
 B = Non-inter-level travel time spent in this place.
 C = Inter-level travel time spent in this place.
 D = Time resting spent in this place.
 E = Time spent auto-exploring this place.
 F = Levels seen in this place.
 G = Mean time per level.
                   A        B        C        D        E       F      G
               +--------+--------+--------+--------+--------+-----+--------+
         Total |   1009 |    994 |     15 |      0 |    758 |   3 |  336.3 |
       Dungeon |    941 |    926 |     15 |      0 |    692 |   2 |  470.5 |
         Abyss |     68 |     68 |      0 |      0 |     66 |   1 |   68.0 |
               +--------+--------+--------+--------+--------+-----+--------+

Top non-repeatable levels by time:
     D:1: 869 daAuts
     D:2: 72 daAuts
 Abyss:1: 68 daAuts
